[Event "ICCopen2017"]
[Site "Internet Chess Club"]
[Date "2017.03.26"]
[Round "6"]
[White "cwulff"]
[Black "Kusox"]
[Result "0-1"]
[ICCResult "White resigns"]
[WhiteElo "1220"]
[BlackElo "2137"]
[Opening "Caro-Kann: advance variation"]
[ECO "B12"]
[NIC "CK.04"]
[Time "20:07:03"]
[TimeControl "180+0"]

1. e4 c6 2. d4 d5 3. e5 Bf5 4. Bd3 Bxd3 5. Qxd3 e6 6. Nf3 Nd7 7. O-O Ne7 8.
c4 dxc4 9. Qxc4 Nb6 10. Qe2 Ned5 11. Rd1 Be7 12. Bd2 h5 13. Nc3 h4 14. h3
Kd7 15. Rac1 g5 16. Nxd5 Nxd5 17. Ne1 Qg8 18. a3 Qg6 19. b4 a6 20. Nd3 Rag8
21. Nc5+ Bxc5 22. dxc5 g4 23. hxg4 h3 24. g3 Qxg4 25. Qxg4 Rxg4 26. Kh2 Re4
27. Be3 Kc7 28. Rxd5 cxd5 29. Bf4 Kc6 30. Rc3 d4 31. Rd3 Kd5 32. f3 Re2+ 33.
Kh1 h2 34. Rd1 Kc4 35. g4 d3 36. Bg5 Rh3 37. f4 Rg3 {White resigns} 0-1

[Event "ICCopen2017"]
[Site "Internet Chess Club"]
[Date "2017.03.26"]
[Round "6"]
[White "ALexiz"]
[Black "wagnerbi"]
[Result "1-0"]
[ICCResult "Black checkmated"]
[WhiteElo "1697"]
[BlackElo "1909"]
[Opening "Queen's pawn: London system"]
[ECO "A45"]
[NIC "QP.07"]
[Time "20:06:47"]
[TimeControl "180+0"]

1. d4 Nf6 2. Bf4 d6 3. e3 e6 4. Nf3 b6 5. c4 Bb7 6. Bd3 Nbd7 7. Nc3 Be7 8.
e4 c5 9. d5 e5 10. Bd2 a6 11. a4 Qc7 12. Qe2 h6 13. h3 g5 14. g4 Nf8 15.
O-O-O b5 16. cxb5 axb5 17. Bxb5+ N8d7 18. Kb1 Kf8 19. h4 gxh4 20. Nxh4 Nb6
21. Nf5 Ng8 22. Nxh6 Nxh6 23. Bxh6+ Kg8 24. g5 Bc8 25. Rdg1 Bd7 26. g6 f6
27. g7 Rh7 28. Be3 Nxa4 29. Bxa4 Bxa4 30. Rxh7 Bc2+ 31. Kxc2 Ra1 32. Rh8+
Kf7 33. g8=Q# {Black checkmated} 1-0

[Event "ICCopen2017"]
[Site "Internet Chess Club"]
[Date "2017.03.26"]
[Round "6"]
[White "x22"]
[Black "FytinFrank"]
[Result "0-1"]
[ICCResult "White checkmated"]
[WhiteElo "2287"]
[BlackElo "1966"]
[Opening "Caro-Kann: Hillbilly attack"]
[ECO "B10"]
[NIC "CK.01"]
[Time "20:07:38"]
[TimeControl "180+0"]

1. e4 c6 2. Bc4 g6 3. Bb3 d5 4. Nc3 d4 5. Nce2 c5 6. d3 Bg7 7. f4 Nc6 8. Nf3
Nf6 9. a3 O-O 10. h3 b5 11. O-O Bb7 12. f5 gxf5 13. Ng5 fxe4 14. Nf4 e5 15.
Nfe6 fxe6 16. Nxe6 Qe7 17. Nxd4+ Kh8 18. Nf5 Qd7 19. dxe4 Qxd1 20. Rxd1 c4
21. Ba2 Nxe4 22. Nxg7 Kxg7 23. Be3 Rad8 24. Re1 Nd4 25. Rac1 Ng3 26. Kh2
Ngf5 27. Bg5 Rd6 28. Rxe5 Rg6 29. h4 h6 30. c3 hxg5 31. cxd4 gxh4 32. Rg1
Nxd4 33. Bb1 Rg4 34. Rh5 Rf2 35. Rh7+ Kf6 36. Rxb7 Nf3+ 37. Kh3 Rg3#
{White checkmated}
0-1

[Event "ICCopen2017"]
[Site "Internet Chess Club"]
[Date "2017.03.26"]
[Round "6"]
[White "TricksOnly"]
[Black "yozhik"]
[Result "1-0"]
[ICCResult "Black resigns"]
[WhiteElo "2379"]
[BlackElo "2689"]
[Opening "Four knights: Gunsberg variation"]
[ECO "C47"]
[NIC "KP.06"]
[Time "20:06:36"]
[TimeControl "180+0"]

1. e4 e5 2. Nf3 Nc6 3. Nc3 Nf6 4. a3 d5 5. Bb5 Nxe4 6. Qe2 Nxc3 7. Qxe5+ Qe7
8. Qxe7+ Bxe7 9. dxc3 Bd7 10. O-O O-O 11. Bf4 Rac8 12. Rad1 Be6 13. Rfe1 Bf6
14. Bxc6 bxc6 15. Be3 a6 16. Bc5 Rfe8 17. Ne5 Bf5 18. Nxc6 Bxc2 19. Rc1 Be4
20. f3 Bg6 21. Nb4 Rxe1+ 22. Rxe1 a5 23. Nxd5 Bd3 24. Be7 Rb8 25. Bxf6 gxf6
26. b4 axb4 27. axb4 Bc4 28. Nxf6+ Kg7 29. Ne4 Bd5 30. Nc5 Ra8 31. Kf2 Ra2+
32. Re2 Ra3 33. Rc2 Bc4 34. Ke3 Kf6 35. Kd4 Bf1 36. c4 Ke7 37. Rf2 Ra1 38.
Ne4 Re1 39. Nd2 Re2 40. Rxe2+ Bxe2 41. Kc5 Ke6 42. Nb3 Ke5 43. Nd4 Bf1 44.
Nb5 Bxg2 45. Nxc7 Bxf3 46. b5 f5 47. Nd5 Bxd5 48. cxd5 f4 49. b6 f3 50. b7
f2 51. b8=Q+ {Black resigns} 1-0

[Event "ICCopen2017"]
[Site "Internet Chess Club"]
[Date "2017.03.26"]
[Round "6"]
[White "arnav311004"]
[Black "Sophiste"]
[Result "0-1"]
[ICCResult "White resigns"]
[WhiteElo "1726"]
[BlackElo "3144"]
[Opening "Réti opening"]
[ECO "A05"]
[NIC "QP.11"]
[Time "20:07:40"]
[TimeControl "180+0"]

1. Nf3 Nf6 2. g3 b6 3. Bg2 Bb7 4. O-O g6 5. d3 Bg7 6. c4 O-O 7. Nc3 c5 8.
Qc2 Nc6 9. a3 d5 10. cxd5 Nxd5 11. e3 e6 12. Bd2 Rc8 13. Rad1 Nd4 14. exd4
cxd4 15. Nxd4 Bxd4 16. Qb3 Bg7 17. Nxd5 Bxd5 18. Bxd5 Qxd5 19. Qxd5 exd5 20.
b3 Rc2 21. Bf4 Rc3 22. Rb1 Re8 23. Rfd1 Re2 24. d4 Rcc2 25. Be3 Rc3 26. Kf1
Rec2 27. a4 a6 28. Ke1 Bf8 29. Rd2 Rxe3+ 30. fxe3 Bb4 31. Rd1 Bxd2+ 32. Rxd2
Rc3 33. Rb2 Rxe3+ 34. Kd2 Rf3 35. Ke2 Rc3 36. Kd2 Rc6 37. Rb1 Kf8 38. Re1
Rf6 39. Kc3 Rf3+ 40. Kb4 Rd3 41. Rc1 Rxd4+ 42. Ka3 a5 43. Rc8+ Kg7 44. Rh8
Kxh8 {White resigns} 0-1

[Event "ICCopen2017"]
[Site "Internet Chess Club"]
[Date "2017.03.26"]
[Round "6"]
[White "Dupinpon"]
[Black "AnthonyRaelund"]
[Result "1-0"]
[ICCResult "Black resigns"]
[WhiteElo "1645"]
[BlackElo "1438"]
[Opening "Sicilian defense"]
[ECO "B20"]
[NIC "SI.48"]
[Time "20:08:16"]
[TimeControl "180+0"]

1. e4 c5 2. d3 g6 3. g3 Bg7 4. Bg2 Nc6 5. Nh3 e5 6. f3 Nge7 7. Nf2 O-O 8.
O-O d6 9. Nd2 Be6 10. a4 b6 11. Nc4 d5 12. exd5 Nxd5 13. Re1 Qc7 14. Ne4 Nf6
15. Ng5 Bxc4 16. dxc4 Nd7 17. c3 Rad8 18. Qe2 f6 19. Ne6 Qd6 20. Nxf8 Bxf8
21. f4 Bg7 22. Be3 Re8 23. Rad1 Qc7 24. Bd5+ Kh8 25. Qg2 f5 26. fxe5 Ncxe5
27. Bf4 Qc8 28. Bc6 Qxc6 29. Qxc6 Nxc6 30. Rxe8+ Nf8 {Black resigns} 1-0

[Event "ICCopen2017"]
[Site "Internet Chess Club"]
[Date "2017.03.26"]
[Round "6"]
[White "Eigeneier"]
[Black "TrendFriend"]
[Result "0-1"]
[ICCResult "White resigns"]
[WhiteElo "1914"]
[BlackElo "2411"]
[Opening "Neo-Grünfeld, 6.O-O"]
[ECO "D77"]
[NIC "GI.02"]
[Time "20:07:22"]
[TimeControl "180+0"]

1. d4 Nf6 2. Nf3 g6 3. g3 Bg7 4. Bg2 d5 5. O-O O-O 6. c4 dxc4 7. Na3 c3 8.
bxc3 c5 9. e3 Nc6 10. Qe2 Be6 11. Nc4 Rc8 12. Nce5 Bd5 13. Ba3 cxd4 14. cxd4
Re8 15. Rfd1 Qa5 16. Bb2 e6 17. g4 Nxe5 18. Nxe5 Bxg2 19. Kxg2 Ne4 20. Qd3
Nd6 21. Nd7 Nc4 22. Bc3 Qd5+ 23. f3 Qxd7 24. Rac1 b5 25. Bb4 a6 26. Bc5 Bf8
27. Bxf8 Rxf8 28. a4 Rc7 29. axb5 axb5 30. Rb1 Rfc8 31. Rb4 Nd6 32. Rdb1 Rc3
33. Kg3 Rxd3 {White resigns} 0-1

[Event "ICCopen2017"]
[Site "Internet Chess Club"]
[Date "2017.03.26"]
[Round "6"]
[White "Revolutions"]
[Black "centralsquare"]
[Result "1-0"]
[ICCResult "Black resigns"]
[WhiteElo "1823"]
[BlackElo "1472"]
[Opening "QGD Slav: 3.Nf3"]
[ECO "D11"]
[NIC "SL.01"]
[Time "20:07:33"]
[TimeControl "180+0"]

1. d4 d5 2. c4 c6 3. Nf3 e6 4. Nc3 Be7 5. g3 Bf6 6. Bg2 Ne7 7. O-O O-O 8.
Re1 dxc4 9. e4 Ng6 10. Be3 b5 11. e5 Be7 12. Nd2 Bb7 13. Nxb5 Na6 14. Nxc4
cxb5 15. Bxb7 bxc4 16. Bxa6 Rb8 17. Bxc4 Rxb2 18. Bb3 Bb4 19. Re2 Rxe2 20.
Qxe2 Ba5 21. Rd1 Ne7 22. Bg5 Bb4 23. h4 Qa5 24. h5 Nf5 25. h6 Rb8 26. hxg7
Nxg7 27. Bf6 Qc7 28. Qg4 Bf8 29. d5 Rd8 30. Bxd8 Qxd8 31. dxe6 Qe7 32. exf7+
Kh8 33. e6 Qd6 34. Rxd6 Bxd6 35. Qd4 Bf8 36. Qd8 Nxe6 37. Bxe6 Kg7 38. Qg5+
{Black resigns}
1-0

[Event "ICCopen2017"]
[Site "Internet Chess Club"]
[Date "2017.03.26"]
[Round "6"]
[White "volver"]
[Black "splashlee2010"]
[Result "1-0"]
[ICCResult "Black forfeits on time"]
[WhiteElo "1442"]
[BlackElo "1200"]
[Opening "QGD semi-Slav: 5.e3"]
[ECO "D45"]
[NIC "SL.08"]
[Time "20:06:24"]
[TimeControl "180+0"]

1. d4 d5 2. Nf3 c6 3. e3 e6 4. c4 Nf6 5. Nc3 Bd6 6. h3 O-O 7. Bd3 h6 8. O-O
dxc4 9. Bxc4 Nbd7 10. a3 b5 11. Ba2 Bb7 12. e4 Bb8 13. Be3 Qc7 14. Qd3 Rd8
15. Rad1 Nf8 16. Bb1 a6 17. Ne5 Qe7 18. f4 N6d7 19. Qe2 Nb6 20. Qh5 f6 21.
Ng4 Qf7 22. Qh4 Ng6 23. Qg3 Nc4 24. Bc1 f5 25. Ne5 Ngxe5 26. fxe5 Kh7 27.
exf5 exf5 28. Rxf5 Qd5 29. e6 Qxf5 30. Bxf5+ Kh8 31. Qg6
{Black forfeits on time}
1-0

[Event "ICCopen2017"]
[Site "Internet Chess Club"]
[Date "2017.03.26"]
[Round "6"]
[White "fiveknights"]
[Black "simplerxiao"]
[Result "1/2-1/2"]
[ICCResult "White ran out of time and Black has no material to mate"]
[WhiteElo "1699"]
[BlackElo "2003"]
[Opening "Ruy Lopez: exchange variation, 5.O-O"]
[ECO "C68"]
[NIC "RL.08"]
[Time "20:06:57"]
[TimeControl "180+0"]

1. e4 e5 2. Nf3 Nc6 3. Bb5 a6 4. Bxc6 dxc6 5. O-O Qe7 6. d4 exd4 7. Nxd4 Bd7
8. Nc3 O-O-O 9. Be3 g5 10. Qe2 Bg7 11. Rfd1 h5 12. Qc4 Nh6 13. a4 Ng4 14. b4
Nxe3 15. fxe3 Be6 16. Nxe6 Qxe6 17. Qxe6+ fxe6 18. Rxd8+ Rxd8 19. Ra3 Rd2
20. e5 Bxe5 21. Ne4 Rxc2 22. Nxg5 Bc3 23. Rb3 a5 24. bxa5 Bxa5 25. Nxe6 Bb6
26. Nd4 Rc4 27. Rd3 Bxd4 28. Rxd4 Rxd4 29. exd4 Kd7 30. Kf2 b5 31. a5 b4 32.
Ke2 Kc8 33. Kd3 Kb7 34. Kc4 Ka6 35. Kxb4 Ka7 36. Kc5 Ka6 37. Kxc6 Kxa5 38.
Kxc7 Kb4 39. d5 Kc5 40. d6 Kd5 41. d7 Ke5 42. d8=Q Kf4 43. Qe7 Kf5 44. Kc6
Kf4 45. Kd5 Kf5 46. Qe6+ Kf4 47. g3+ Kf3 48. Qe4+ Kf2 49. Qh4 Kg2 50. Qxh5
Kf2 51. g4 Kf3 52. g5+ Kf4 53. g6 Ke3 54. g7 Kd3 55. g8=Q Kc3 56. Qgg4 Kd3
{White ran out of time and Black has no material to mate}
1/2-1/2

[Event "ICCopen2017"]
[Site "Internet Chess Club"]
[Date "2017.03.26"]
[Round "6"]
[White "CristianS"]
[Black "EngHany"]
[Result "1-0"]
[ICCResult "Black resigns"]
[WhiteElo "2072"]
[BlackElo "1839"]
[Opening "Caro-Kann: Panov-Botvinnik, normal variation"]
[ECO "B13"]
[NIC "CK.02"]
[Time "20:06:23"]
[TimeControl "180+0"]

1. e4 c6 2. d4 d5 3. exd5 cxd5 4. c4 Nc6 5. Nc3 Nf6 6. Bg5 e6 7. Nf3 Be7 8.
c5 Ne4 9. Bxe7 Qxe7 10. Bb5 O-O 11. Rc1 f5 12. O-O Bd7 13. Bxc6 bxc6 14. Ne5
Be8 15. f3 Nf6 16. Qa4 Qc7 17. Rfe1 Rb8 18. Re2 a5 19. Rce1 Rb4 20. Qd1 Rxd4
21. Qxd4 h6 22. Nd3 Bf7 23. Qe5 Qa7 24. Qd6 Qa6 25. Ne5 Re8 26. Nxf7 Kxf7
27. Rxe6 Rxe6 28. Qxe6+ Kg6 29. Nxd5 Qb5 30. Ne7+ Kh7 31. Qxf5+ Kh8 32. Ng6+
Kh7 33. Nf8+ Kg8 34. Ne6 Qb4 35. Qe5 Qd2 36. Qe2 Qd5 37. h4 h5 38. Qe5 Qd2
39. Re2 Qd1+ 40. Kh2 Qc1 41. Nxg7 Kxg7 42. Qg5+ Qxg5 43. hxg5 Nd5 44. Re6
Nb4 45. a3 Nd3 46. Rxc6 Nxb2 47. Ra6 Nc4 48. c6 Kf7 49. c7 Ke7 50. c8=Q
{Black resigns}
1-0

[Event "ICCopen2017"]
[Site "Internet Chess Club"]
[Date "2017.03.26"]
[Round "6"]
[White "lestri"]
[Black "tigerr"]
[Result "0-1"]
[ICCResult "White resigns"]
[WhiteElo "2551"]
[BlackElo "2161"]
[Opening "English: symmetrical variation"]
[ECO "A33"]
[NIC "EO.64"]
[Time "20:07:23"]
[TimeControl "180+0"]

1. c4 Nf6 2. Nc3 c5 3. Nf3 Nc6 4. d4 cxd4 5. Nxd4 e6 6. a3 a6 7. e4 Qc7 8.
Be3 Be7 9. Rc1 O-O 10. Be2 b6 11. O-O Bb7 12. Nd5 exd5 13. cxd5 Nxe4 14.
dxc6 dxc6 15. Bf3 c5 16. Nf5 Bf6 17. b4 Rad8 18. Qc2 Rfe8 19. Rfd1 Rxd1+ 20.
Rxd1 c4 21. Bd4 Bxd4 22. Nxd4 b5 23. a4 bxa4 24. Qxa4 Rd8 25. Qc2 Nd6 26. g3
g6 27. Bxb7 Qxb7 28. Qc3 Nb5 29. Qxc4 Qe4 30. Qa2 Nxd4 {White resigns} 0-1

[Event "ICCopen2017"]
[Site "Internet Chess Club"]
[Date "2017.03.26"]
[Round "6"]
[White "Shadeath"]
[Black "manitodeplomo"]
[Result "1-0"]
[ICCResult "Black resigns"]
[WhiteElo "2789"]
[BlackElo "2443"]
[Opening "Sicilian: Alapin's variation (2.c3)"]
[ECO "B22"]
[NIC "SI.46"]
[Time "20:07:07"]
[TimeControl "180+0"]

1. e4 c5 2. c3 d5 3. exd5 Qxd5 4. d4 Nf6 5. Nf3 Bg4 6. dxc5 Qxc5 7. h3 Bh5
8. Be3 Qc8 9. Qa4+ Nbd7 10. Ne5 a6 11. Nd2 b5 12. Qd4 e6 13. Nxd7 Qxd7 14.
Qxd7+ Nxd7 15. g4 Bg6 16. Bg2 Rd8 17. Bb7 a5 18. Bc6 b4 19. Nc4 Rc8 20.
Bxd7+ Kxd7 21. Nb6+ Kc7 22. Nxc8 Kxc8 23. cxb4 Bxb4+ 24. Bd2 Bd6 25. Bxa5 h5
26. Ke2 Be4 27. f3 Bd5 28. a3 Kd7 29. Bb4 Bc7 30. Rac1 f5 31. gxf5 exf5 32.
Rhd1 {Black resigns} 1-0

[Event "ICCopen2017"]
[Site "Internet Chess Club"]
[Date "2017.03.26"]
[Round "6"]
[White "OTBB"]
[Black "RobbieWilliams"]
[Result "0-1"]
[ICCResult "White resigns"]
[WhiteElo "1585"]
[BlackElo "1838"]
[Opening "QGD: 3.Nc3"]
[ECO "D31"]
[NIC "QP.08"]
[Time "20:07:49"]
[TimeControl "180+0"]

1. d4 d5 2. c4 e6 3. Nc3 f5 4. g3 c6 5. Bg2 Nf6 6. Nf3 Bd6 7. b3 Qe7 8. O-O
Nbd7 9. Qc2 Ne4 10. Nd2 O-O 11. f3 Ng5 12. e4 fxe4 13. fxe4 Bb4 14. Rxf8+
Nxf8 15. exd5 exd5 16. cxd5 Qe3+ {White resigns} 0-1

[Event "ICCopen2017"]
[Site "Internet Chess Club"]
[Date "2017.03.26"]
[Round "6"]
[White "DGurevich"]
[Black "chuckechess"]
[Result "1/2-1/2"]
[ICCResult "Game drawn by repetition"]
[WhiteElo "2555"]
[BlackElo "2521"]
[Opening "QGD Slav defense"]
[ECO "D10"]
[NIC "SL.01"]
[Time "20:07:19"]
[TimeControl "180+0"]

1. d4 d5 2. c4 c6 3. e3 Nf6 4. Nc3 a6 5. Qc2 g6 6. Bd3 Bg7 7. Nge2 O-O 8.
O-O dxc4 9. Bxc4 b5 10. Bd3 Bb7 11. Ne4 Nbd7 12. N2g3 Rc8 13. Nxf6+ Nxf6 14.
b4 Nd5 15. Bd2 e5 16. dxe5 Bxe5 17. Rac1 Qe7 18. a3 a5 19. Qb1 axb4 20. axb4
Bd6 21. Ne4 Bxb4 22. Bxb4 Qxb4 23. Nf6+ Kg7 24. Nxd5 Qxb1 25. Rxb1 cxd5 26.
Rxb5 Rc3 27. Rxb7 Rxd3 28. Rd7 Rb8 29. g4 h6 30. Kg2 Rb4 31. h3 Rb2 32. Kg3
Rdd2 33. h4 g5 34. hxg5 hxg5 35. Kf3 Ra2 36. Kg3 Rab2 37. Kf3 Ra2 38. Kg3
Rab2 39. Kf3 Ra2 {Game drawn by repetition} 1/2-1/2

[Event "ICCopen2017"]
[Site "Internet Chess Club"]
[Date "2017.03.26"]
[Round "6"]
[White "DaffyDuck"]
[Black "alejandrorios"]
[Result "0-1"]
[ICCResult "White checkmated"]
[WhiteElo "1697"]
[BlackElo "1942"]
[Opening "English opening"]
[ECO "A22"]
[NIC "EO.10"]
[Time "20:07:19"]
[TimeControl "180+0"]

1. c4 e5 2. Nc3 Nf6 3. e3 Bb4 4. Nf3 d6 5. Be2 O-O 6. O-O Re8 7. a3 Bxc3 8.
bxc3 b6 9. d4 Nbd7 10. a4 a5 11. Ba3 Qe7 12. dxe5 Nxe5 13. Nd4 Bd7 14. Qc2
h6 15. h3 Be6 16. Qb3 Ne4 17. Rad1 Rab8 18. f4 Nd7 19. Nc6 Qf6 20. Nxb8 Nxb8
21. Bb2 Nc5 22. Qc2 Bf5 23. Qd2 Nxa4 24. Bc1 Nc5 25. Bf3 Be4 26. Qd4 Qe7 27.
Ba3 Nc6 28. Qd2 Nd7 29. Rf2 Nf6 30. Re1 Qe6 31. Be2 h5 32. Bc1 Ne7 33. Bd3
Nf5 34. Kh2 h4 35. Bxe4 Qxe4 36. Qc2 g6 37. Qxe4 Rxe4 38. Rf3 Rxc4 39. Bd2
Ne4 40. Bc1 a4 41. Ba3 Rxc3 42. Bb4 Rb3 43. Bxd6 cxd6 44. g4 hxg3+ 45. Kh1
Rb2 46. Rg1 Rh2# {White checkmated} 0-1

[Event "ICCopen2017"]
[Site "Internet Chess Club"]
[Date "2017.03.26"]
[Round "6"]
[White "king-lear"]
[Black "ylr5000"]
[Result "1-0"]
[ICCResult "Black forfeits on time"]
[WhiteElo "1931"]
[BlackElo "2259"]
[Opening "Bogo-Indian defense, Grünfeld variation"]
[ECO "E11"]
[NIC "QI.01"]
[Time "20:06:09"]
[TimeControl "180+0"]

1. d4 Nf6 2. c4 e6 3. Nf3 Bb4+ 4. Nbd2 d5 5. a3 Be7 6. g3 O-O 7. Bg2 b6 8.
O-O Bb7 9. cxd5 exd5 10. b4 c6 11. Ne5 Nbd7 12. Nd3 Re8 13. Qb3 Bd6 14. e3
Ba6 15. Re1 Bxd3 16. Qxd3 b5 17. e4 dxe4 18. Nxe4 Nxe4 19. Rxe4 Nf6 20. Re2
Rxe2 21. Qxe2 Qd7 22. Bg5 Re8 23. Qc2 Nd5 24. Rc1 h6 25. Bd2 Re2 26. Qxc6
Qxc6 27. Rxc6 Rxd2 28. Bxd5 Be7 29. Rc8+ Kh7 30. Rc7 Bf6 31. Bxf7 Bxd4 32.
Kg2 Rxf2+ 33. Kh3 Rb2 34. Rc6 Bf6 35. Rc7 Bd4 36. Rc6 Bf6 37. Rc7 Bd4 38.
Rd7 Bg1 39. Rd6 Rxh2+ 40. Kg4 h5+ 41. Bxh5 Rf2 42. Bg6+ Kh6 43. Bf5+ g6 44.
Rxg6+ Kh7 45. Ra6+ Kg8 46. Be6+ Kf8 47. Rxa7 Rf4+ 48. gxf4 Bxa7 49. Bd7 Bd4
50. Bxb5 Bb2 51. Bc4 Bxa3 52. b5 Bc5 53. Kf5 Ke7 54. Ke4 Kd6 55. f5 Bb6 56.
f6 Bd8 57. Kf5 {Black forfeits on time} 1-0

[Event "ICCopen2017"]
[Site "Internet Chess Club"]
[Date "2017.03.26"]
[Round "6"]
[White "BeerMeUpScotty"]
[Black "JUGGERNOT"]
[Result "0-1"]
[ICCResult "White resigns"]
[WhiteElo "1562"]
[BlackElo "1841"]
[Opening "Scandinavian: Marshall variation"]
[ECO "B01"]
[NIC "SD.03"]
[Time "20:07:41"]
[TimeControl "180+0"]

1. e4 d5 2. exd5 Nf6 3. d4 Nxd5 4. Nf3 Bg4 5. c4 Nf6 6. Nc3 c6 7. Be3 e6 8.
Be2 Bb4 9. O-O O-O 10. Qc2 Bf5 11. Qb3 Bxc3 12. Qxc3 b6 13. Rad1 Qc7 14. d5
cxd5 15. Bd4 Nbd7 16. Ne5 Ne4 17. Qe3 Nxe5 18. f3 Nxc4 19. Bxc4 Qxc4 20.
fxe4 Bxe4 21. Qg3 Bg6 22. h4 f6 23. h5 e5 24. hxg6 exd4 25. gxh7+ Kxh7 26.
Qh4+ Kg8 27. Qxd4 Qxa2 28. Qxd5+ Qxd5 29. Rxd5 Rf7 30. Rf2 Rc7 31. Rd4 Rac8
32. Rg4 Kf7 33. Kh2 Rc2 34. Rgf4 Rxf2 35. Rxf2 g5 36. Kg3 Rc7 37. Rd2 Kg6
38. Rd6 Rc2 39. Rd7 a5 40. b3 Rc3+ {White resigns} 0-1

[Event "ICCopen2017"]
[Site "Internet Chess Club"]
[Date "2017.03.26"]
[Round "6"]
[White "dhar2603"]
[Black "Morad-Magdy"]
[Result "1-0"]
[ICCResult "Black checkmated"]
[WhiteElo "1878"]
[BlackElo "2013"]
[Opening "Réti opening"]
[ECO "A13"]
[NIC "QP.11"]
[Time "20:06:27"]
[TimeControl "180+0"]

1. Nf3 e6 2. c4 Nf6 3. g3 b6 4. Bg2 Bb7 5. O-O Be7 6. Nc3 O-O 7. Re1 d5 8.
cxd5 exd5 9. d4 Nbd7 10. Ne5 a6 11. Bg5 h6 12. Nxd7 Qxd7 13. Bxf6 Bxf6 14.
e3 Rfd8 15. Rc1 Rac8 16. Qb3 c5 17. Qxb6 Rc6 18. Qa5 cxd4 19. Nxd5 Rxc1 20.
Nxf6+ gxf6 21. Rxc1 dxe3 22. Bxb7 exf2+ 23. Kxf2 Qd4+ 24. Kg2 Qxb2+ 25. Kh3
Rd2 26. Rc8+ Kg7 27. Qc5 Rxh2+ 28. Kg4 Qe2+ 29. Bf3 Qe6+ 30. Kf4 Rxa2 31.
Qf8+ Kg6 32. Qg8# {Black checkmated} 1-0

[Event "ICCopen2017"]
[Site "Internet Chess Club"]
[Date "2017.03.26"]
[Round "6"]
[White "soyleyenda"]
[Black "rencoroso"]
[Result "0-1"]
[ICCResult "White checkmated"]
[WhiteElo "1619"]
[BlackElo "2056"]
[Opening "Sicilian: dragon, Yugoslav attack, 10.O-O-O"]
[ECO "B78"]
[NIC "SI.18"]
[Time "20:06:50"]
[TimeControl "180+0"]

1. e4 c5 2. Nf3 d6 3. d4 cxd4 4. Nxd4 Nf6 5. Nc3 g6 6. Be3 Bg7 7. f3 O-O 8.
Bc4 Nc6 9. Qd2 Bd7 10. O-O-O Rc8 11. Bb3 Nxd4 12. Bxd4 b5 13. h4 a5 14. h5
a4 15. Bd5 b4 16. Ne2 Nxd5 17. exd5 Bf5 18. c3 bxc3 19. Nxc3 a3 20. Bxg7
axb2+ 21. Qxb2 Kxg7 22. Kd2 Qa5 23. Rc1 Rb8 24. Qa1 Rfc8 25. Ke2 Qa6+ 26.
Kf2 f6 27. g4 Qa3 28. gxf5 Rb2+ 29. Kg3 Rxc3 30. Rcf1 Rcc2 31. hxg6 hxg6 32.
fxg6 Kxg6 33. Qe1 Rg2+ 34. Kh3 Qd3 35. Rhg1 Qf5+ 36. Kh4 Qh5# {White
checkmated} 0-1

[Event "ICCopen2017"]
[Site "Internet Chess Club"]
[Date "2017.03.26"]
[Round "6"]
[White "brittabeast"]
[Black "DOCA"]
[Result "0-1"]
[ICCResult "White forfeits on time"]
[WhiteElo "1487"]
[BlackElo "1802"]
[Opening "Sicilian: Najdorf, Byrne (English) attack"]
[ECO "B90"]
[NIC "SI.14"]
[Time "20:06:42"]
[TimeControl "180+0"]

1. e4 c5 2. Nf3 d6 3. d4 cxd4 4. Nxd4 Nf6 5. Nc3 a6 6. Be3 e6 7. f3 b5 8. a3
Nbd7 9. Be2 Bb7 10. O-O Be7 11. Qd2 O-O 12. Rad1 Qc7 13. g4 Ne5 14. g5 Nfd7
15. h4 Nc4 16. Bxc4 Qxc4 17. Qd3 Nb6 18. h5 Rac8 19. g6 hxg6 20. hxg6 Qxd3
21. cxd3 d5 22. gxf7+ Kxf7 23. Nxe6 Kxe6 24. Bxb6 dxe4 25. dxe4 Bxa3 26.
bxa3 Rxc3 27. Bd4 Rcxf3 28. Bxg7 Rxf1+ 29. Rxf1 Rg8 30. Rf6+ Ke7 31. Rg6 Kf7
32. Rb6 Rxg7+ 33. Kf2 Ke8 34. Ke3 Kd8 35. Kd4 Kc8 36. e5 Rg3 37. a4 Rg4+ 38.
Kc5 Rxa4 39. e6 Rc4+ 40. Kd6 Rd4+ 41. Ke7 Re4 42. Kf6 Kc7
{White forfeits on time}
0-1

[Event "ICCopen2017"]
[Site "Internet Chess Club"]
[Date "2017.03.26"]
[Round "6"]
[White "rotyi59"]
[Black "GranTorre"]
[Result "0-1"]
[ICCResult "White resigns"]
[WhiteElo "1541"]
[BlackElo "1885"]
[Opening "KP: Nimzovich defense"]
[ECO "B00"]
[NIC "VO.05"]
[Time "20:07:13"]
[TimeControl "180+0"]

1. e4 Nc6 2. Nf3 d6 3. Bb5 Bd7 4. Bxc6 Bxc6 5. Nc3 g6 6. d4 Bg7 7. Be3 Nf6
8. d5 Bd7 9. Qd2 h6 10. h3 c5 11. O-O-O b5 12. g4 b4 13. Ne2 Nxe4 14. Qd3
Nf6 15. g5 hxg5 16. Bxg5 Qa5 17. Kb1 c4 18. Qxc4 Bb5 19. Qf4 Bxe2 20. Rde1
Bxf3 21. Qxf3 Qxd5 22. Qe3 e6 23. Rd1 Qe5 24. Qb3 O-O 25. f4 Qc5 26. h4 a5
27. h5 a4 28. Qh3 Nxh5 29. Qf3 b3 30. c3 a3 31. Ka1 axb2+ 32. Kxb2 Rxa2+ 33.
Kb1 Qa3 {White resigns} 0-1

[Event "ICCopen2017"]
[Site "Internet Chess Club"]
[Date "2017.03.26"]
[Round "6"]
[White "Bonao"]
[Black "qpr"]
[Result "0-1"]
[ICCResult "White forfeits on time"]
[WhiteElo "2009"]
[BlackElo "1636"]
[Opening "Queen's bishop game"]
[ECO "D02"]
[NIC "QP.08"]
[Time "20:06:13"]
[TimeControl "180+0"]

1. d4 d5 2. Nf3 Nf6 3. Bf4 e6 4. e3 c5 5. Bd3 c4 6. Be2 Bd6 7. Ne5 Nc6 8.
O-O Qc7 9. Nxc6 Bxf4 10. exf4 bxc6 11. g3 Rb8 12. b3 cxb3 13. axb3 c5 14.
Na3 Bd7 15. c4 O-O 16. Bf3 Rb4 17. dxc5 Qxc5 18. cxd5 Nxd5 19. Rc1 Qa5 20.
Nc4 Qb5 21. Ne5 Bc8 22. Ra1 Rxb3 23. Bxd5 Qxd5 24. Qxd5 exd5 25. Rxa7 Be6
26. Rc1 Rfb8 27. g4 g6 28. Rcc7 Rf8 29. Kg2 Rb4 30. Kg3 d4 31. f3 Rb3 32. f5
gxf5 33. gxf5 Bxf5 34. Nxf7 Bg6 35. Ne5 Rc3 {White forfeits on time} 0-1

[Event "ICCopen2017"]
[Site "Internet Chess Club"]
[Date "2017.03.26"]
[Round "6"]
[White "egyptiantiger"]
[Black "JaqueMateus1"]
[Result "0-1"]
[ICCResult "White forfeits on time"]
[WhiteElo "1718"]
[BlackElo "2307"]
[Opening "Benkö gambit half accepted"]
[ECO "A57"]
[NIC "BI.45"]
[Time "20:06:24"]
[TimeControl "180+0"]

1. d4 Nf6 2. c4 c5 3. d5 b5 4. cxb5 a6 5. b6 Qxb6 6. Nc3 d6 7. e4 g6 8. Nf3
Bg7 9. Be2 O-O 10. Nd2 a5 11. Nc4 Qd8 12. a4 Nbd7 13. O-O Nb6 14. Na3 e6 15.
dxe6 Bxe6 16. Nab5 d5 17. e5 Nfd7 18. f4 f6 19. Bg4 Bxg4 20. Qxg4 fxe5 21.
Qe6+ Kh8 22. Nxd5 exf4 23. Bxf4 Nxd5 24. Qxd5 Nf6 25. Qxc5 Ne4 26. Qc2 Re8
27. Rae1 Rc8 28. Qb3 Qb6+ 29. Kh1 Nf2+ 30. Rxf2 Qxf2 31. Rg1 Qxf4 32. Qd3
Qe4 33. Qxe4 Rxe4 34. Nd6 Rce8 35. Nxe4 Rxe4 36. h3 h5 37. g4 h4 38. g5 Be5
39. Rb1 Re2 40. Kg1 Rxb2 {White forfeits on time} 0-1

[Event "ICCopen2017"]
[Site "Internet Chess Club"]
[Date "2017.03.26"]
[Round "6"]
[White "tryto"]
[Black "Dewey"]
[Result "0-1"]
[ICCResult "White forfeits on time"]
[WhiteElo "1281"]
[BlackElo "1406"]
[Opening "Queen's bishop game"]
[ECO "D02"]
[NIC "QP.08"]
[Time "20:07:53"]
[TimeControl "180+0"]

1. d4 d5 2. Nf3 Nf6 3. Bf4 e6 4. e3 h6 5. h3 Nbd7 6. Nbd2 c5 7. c3 a6 8. Bd3
b5 9. O-O c4 10. Bc2 Be7 11. Ne5 Nxe5 12. Bxe5 O-O 13. g4 Nd7 14. Bg3 Bh4
15. Qf3 Bxg3 16. Qxg3 Qf6 17. e4 Bb7 18. e5 Qg5 19. f4 Qe7 20. f5 exf5 21.
Bxf5 Nf6 22. Kh2 Nh7 23. Nf3 Ng5 24. h4 Nxf3+ 25. Rxf3 g6 26. Bc2 Kg7 27.
Rf6 Bc8 28. Raf1 Be6 29. Qf2 a5 30. Bb1 b4 31. Qc2 Bxg4 32. Rxg6+ fxg6 33.
Qxg6+ Kh8 34. Qxh6+ Kg8 35. Rg1 Rf2+ 36. Rg2 Rxg2+ 37. Kxg2 Rf8 38. Qg6+ Qg7
{White forfeits on time}
0-1